 Dungeon Crawl Stone Soup version 0.22-a0-469-gf26638a71f (webtiles) character file.

57 Kriby the Skirmisher (level 4, -4/24 HPs)
             Began as a Human Abyssal Knight on June 13, 2018.
             Was a Follower of Lugonu.
             Slain by a worm (8 damage)
             ... on level 2 of the Dungeon.
             The game lasted 00:02:31 (3488 turns).

Kriby the Skirmisher (Human Abyssal Knight)         Turns: 3488, Time: 00:02:32

Health: -4/24      AC:  1    Str: 13    XL:     4   Next: 18%
Magic:  6/6        EV: 12    Int: 12    God:    Lugonu [*.....]
Gold:   118        SH:  0    Dex: 13    Spells: 3/3 levels left

rFire    . . .     SeeInvis .   a - +1 hand axe
rCold    . . .     Gourm    .   (no shield)
rNeg     . . .     Faith    .   e - -1 robe (curse)
rPois    .         Spirit   .   (no helmet)
rElec    .         Reflect  .   (no cloak)
rCorr    .         Harm     .   (no gloves)
MR       .....                  (no boots)
Stlth    +.........             (no amulet)
HPRegen  0.08/turn              (no ring)
MPRegen  0.10/turn              (no ring)

@: berserk cooldown, slowed, very slow
A: [frail 3]
a: Depart the Abyss, Renounce Religion


You were on level 2 of the Dungeon.
You worshipped Lugonu.
Lugonu was aware of your devotion.
You were not hungry.

You visited 1 branch of the dungeon, and saw 2 of its levels.
You visited the Abyss 1 time.

You collected 118 gold pieces.

Inventory:

Hand Weapons
 a - a +1 hand axe (weapon)
Armour
 b - a +0 leather armour
 e - a cursed -1 robe (worn)
Jewellery
 i - an uncursed amulet of harm
Scrolls
 d - 2 scrolls of identify {@r1}
 f - 2 scrolls of teleportation {@r3}
 g - a scroll of noise
 h - 2 scrolls of remove curse {@r2}
 n - a scroll of magic mapping
Comestibles
 c - 9 rations {@e1}
 j - 3 chunks of flesh


   Skills:
 + Level 3.4 Fighting
 * Level 3.2 Axes
 - Level 2.0 Armour
 - Level 1.0 Dodging
 + Level 2.7 Invocations


You had 3 spell levels left.
You didn't know any spells.
Your spell library was empty.

Dungeon Overview and Level Annotations

Branches:
Dungeon (2/15)

Altars:


Innate Abilities, Weirdness & Mutations

[You are extremely frail. (-30% HP)]


Message History

You are exhausted.
You feel yourself slow down.
You bump into the rock wall.
The worm bites you.
You bump into the rock wall.
You feel less invigorated.
You feel less confused. The worm misses you.
You hit the worm but do no damage.
The worm is moderately wounded.
The worm bites you!
You hit the worm.
The worm is heavily wounded.
The worm bites you.
You hit the worm.
The worm is severely wounded.
The worm bites you!
* * * LOW HITPOINT WARNING * * *
You hit the worm.
The worm is almost dead.
The worm bites you!
You die...

+........#
#......§.#
#######w## . #§#
# #§# # #§# #
#§# # ####w# #
#...@# #
####....###.. #
#..............
#
#.##....###....
# #....# ##
#....# ####
#....# #...
####.# #.##
.#####.#########
#.#.


You could see a worm.

Vanquished Creatures
  An adder (D:2)
  2 dart slugs (D:1)
  A leopard gecko (D:1)
  2 ball pythons (D:1)
  7 bats
  A giant cockroach (D:1)
  6 goblins
  5 hobgoblins
  2 quokkas (D:2)
  A frilled lizard (D:2)
  4 kobolds
  12 rats
44 creatures vanquished.

Notes
Turn   | Place    | Note
-------+----------+-------------------------------------------
     0 | Abyss:1  | Kriby the Human Abyssal Knight began the quest for the Orb.
     0 | Abyss:1  | Reached XP level 1. HP: 18/18 MP: 2/2
    31 | Abyss:1  | Found an opulent altar of Gozag.
    51 | Abyss:1  | Found a corrupted altar of Lugonu.
   146 | Abyss:2  | Noticed a deep elf elementalist
   149 | Abyss:2  | Noticed a wretched star
   163 | D:1      | Escaped the Abyss
   566 | D:1      | Reached XP level 2. HP: 5/16 MP: 3/3
  1380 | D:1      | Reached XP level 3. HP: 20/20 MP: 4/4
  2171 | D:2      | Reached * piety under Lugonu
  3281 | D:2      | Reached XP level 4. HP: 20/24 MP: 4/6
  3488 | D:2      | Slain by a worm

Vault maps used:
D:1:      lightli_arrival_chessboard, serial_curves, eino_curves_01,
          eino_curves_01, nrook_mini_backslash
D:2:      first_ration
Abyss:2:  hangedman_abyss_stitches_cave

Skill      XL: |  1  2  3 |
---------------+----------+-----
Axes           | 3 |  3.2
Fighting       | |  3.4
Armour         | |  2.0
Dodging        | |  1.0
Invocations    | |  2.7

Action                   |  1- 3 |  4- 6 || total
-------------------------+-------+-------++-------
Melee: Hand axe          |   115 |    14 ||   129
Invok: Depart the Abyss  |     1 |       ||     1
  Use: Scroll            |     5 |     2 ||     7
       Potion            |       |     2 ||     2
 Stab: Sleeping          |     2 |       ||     2
  Eat: Chunk             |     7 |     1 ||     8
Armor: Robe              |    15 |       ||    15
Dodge: Dodged            |    75 |     8 ||    83

Table legend:
 A = Spawn XP
 B = Non-spawn XP
 C = Spawn XP percentage of total XP
 D = Spawn monster count
 E = Non-spawn monster count
 F = Spawn count percentage of total count
 G = Total turns spent on level
                    A         B        C        D         E        F      G
               +---------+---------+-------+---------+---------+-------+---------
         Total |       0 |      82 |   0.0 |       0 |      44 |   0.0 |  3488
               +---------+---------+-------+---------+---------+-------+---------
           D:1 |       0 |      39 |   0.0 |       0 |      22 |   0.0 |  2004
           D:2 |       0 |      43 |   0.0 |       0 |      22 |   0.0 |  1321
               +---------+---------+-------+---------+---------+-------+---------
